Map: Amygdala

Players

HeroMarine - Winner!

  • Race: Terran Terran
  • Spawn Location: 1:00

Mixu

  • Race: Zerg Zerg
  • League: Grandmaster
  • Spawn Location: 7:00

Event: HomeStory Cup XXVI

VOD

Have the link to the VOD?

Description

Time

  • Played on: Nov. 30, 2024, 8:23 a.m.
  • Length: 5:27

All games in this series

Show
View Real Time Build Order
Export as new Build Order

HeroMarine Terran - Winner!

Build Orders: Reaper Expand 

Get SALT Encoding   

  12  0:00  SCV  
  13  0:12  SCV  
  14  0:17  Supply Depot  
  14  0:24  SCV  
  15  0:38  SCV  
  15  0:40  Barracks  
  15  0:42  Refinery  
  16  0:50  SCV  
  17  1:02  SCV  
  18  1:14  SCV  
  19  1:27  Orbital Command, Reaper  
  20  1:39  Command Center  
  20  1:46  Supply Depot  
  20  1:52  SCV  
  21  1:58  Marine  
  22  2:04  SCV  
  23  2:09  Factory  
  23  2:16  SCV  
  24  2:23  Barracks Reactor  
  24  2:28  SCV  
  25  2:35  Command Center  
  25  2:40  SCV  
  26  2:51  Orbital Command  
  26  2:52  SCV  
  26  2:58  Starport  
  27  3:05  SCV  
  28  3:06  Refinery  
  28  3:08  Marine  
  28  3:09  Hellion  
  33  3:12  Hellion  
  33  3:18  SCV x2  
  35  3:30  SCV x2  
  37  3:35  Viking  
  37  3:40  Marine x2, Factory Tech Lab  
  41  3:42  SCV x2  
  41  3:47  Orbital Command  
  43  3:54  SCV x2  
  45  3:58  Marine x2  
  45  3:59  Siege Tank  
  50  4:05  Supply Depot  
  50  4:06  SCV x2  
  52  4:10  Bunker, Viking  
  52  4:15  SCV, Marine x2  
  57  4:18  SCV  
  57  4:19  SCV  
  59  4:27  Supply Depot, SCV  
  59  4:30  SCV  
  59  4:31  SCV  
  62  4:32  Siege Tank  
  62  4:34  Marine x2  
  64  4:41  SCV  
  64  4:43  SCV  
  64  4:45  SCV  
  67  4:52  Marine x2  
  69  4:53  Supply Depot, SCV  
  69  4:55  SCV  
  69  4:57  SCV  
  69  5:05  SCV  
  72  5:07  SCV  
  73  5:15  SCV  
  71  5:23  Barracks  
  71  5:24  Barracks  
Show
View Real Time Build Order
Export as new Build Order

Mixu Zerg 

Build Orders: Hatch First 

Get SALT Encoding   

  12  0:00  Drone  
  13  0:12  Overlord  
  13  0:17  Drone  
  14  0:31  Drone x2  
  16  0:46  Hatchery  
  16  0:49  Drone  
  16  0:52  Drone  
  17  1:01  Extractor  
  16  1:08  Spawning Pool  
  16  1:11  Drone  
  16  1:15  Drone  
  16  1:18  Drone  
  18  1:27  Drone  
  19  1:38  Drone  
  20  1:51  Overlord  
  20  1:54  Queen  
  20  1:57  Queen  
  20  1:58  Zergling x2  
  25  2:02  Zergling x2  
  25  2:07  Metabolic Boost  
  26  2:12  Drone  
  27  2:20  Drone  
  27  2:21  Drone  
  29  2:30  Drone  
  29  2:33  Queen  
  32  2:39  Overlord  
  32  2:40  Drone  
  32  2:43  Drone  
  34  2:49  Lair  
  34  2:56  Drone x2  
  36  3:03  Overlord  
  36  3:04  Zergling x2  
  37  3:07  Zergling x4  
  39  3:14  Zergling x4  
  39  3:19  Pneumatized Carapace  
  41  3:22  Zergling x2  
  42  3:29  Zergling x4  
  44  3:35  Overlord  
  44  3:37  Zergling x6  
  47  3:42  Zergling x6  
  47  3:45  Zergling x2  
  51  3:55  Zergling x4  
  53  4:01  Zergling x2  
  54  4:03  Queen  
  54  4:05  Zergling x2  
  57  4:10  Zergling x6  
  60  4:18  Overlord x2  
  60  4:26  Overlord  
  60  4:39  Overlord  
  60  4:42  Zergling x2  
  57  4:46  Zergling x12  
  57  4:50  Queen  
  65  4:55  Zergling x4  
  57  5:14  Hatchery  
Tags
 
Add a new tag
Caveats
  • Supply blocks, unpowered buildings, or Contaminate may cause inaccurate times.
  • Supply counts are checked every 10 seconds.